AoeStats
← GERIGON

African Clearing

511507484Analyzed
4v4 RM · 11d ago on Oct 5, 2026· 53m 47s· 8 players
Game mode
Random Map
Map size
Large (8 player)
Population
200
Speed
Normal
Resources
Standard
Victory
Conquest
Starting age
Dark Age
Ending age
Imperial Age
RankedLock teamsTeams togetherTeam positionsShared explorationLock speedFull tech treeHidden civsTurbo modeCheats
Victory
Defeat
🇨🇳 Malians · China
1271
+15
🇨🇳 Mongols · China
1265
+15
🇨🇳 Wei · China
1227
+17
🇨🇳 Koreans · China
1205
+19
vs
🇨🇳 Varangians · China
1266
-17
🇭🇷 Tatars · Croatia
1263
-17
1259
-17
🇨🇳 Huns · China
1216
-15
daitoudaguo
2:50 Loom
14:47 Feudal Age
15:56 Double-Bit Axe
18:19 Castle Age
17:15 Fletching
17:11 Horse Collar
17:47 Town Watch
19:13 Bow Saw
19:07 Heavy Plow
23:30 Bodkin Arrow
25:03 Bloodlines
27:40 Wheelbarrow
27:44 Husbandry
27:46 Padded Archer Armor
28:08 Thumb Ring
31:14 Ballistics
33:51 Hand Cart
39:24 Imperial Age
38:00 Gold Mining
38:23 Stone Mining
38:05 Light Cavalry
38:52 Scale Barding Armor
40:13 Chain Barding Armor
40:04 Forging
40:52 Conscription
40:59 Ming Guang Armor
41:39 Hoardings
41:40 Crop Rotation
41:59 Stone Shaft Mining
42:03 Gold Shaft Mining
41:29 Elite Tiger Cavalry
43:23 Iron Casting
42:56 Tuntian
45:05 Blast Furnace
GERIGON
11:07 Feudal Age
12:19 Double-Bit Axe
14:27 Forging
14:39 Double-Bit Axe
14:41 Loom
17:21 Scale Barding Armor
17:42 Bloodlines
24:40 Castle Age
27:27 Wheelbarrow
31:38 Hand Cart
33:11 Horse Collar
33:53 Heavy Plow
36:31 Stone Mining
36:32 Gold Mining
41:35 Stone Shaft Mining
41:36 Gold Shaft Mining
47:59 Imperial Age
46:08 Fletching
46:35 Husbandry
46:42 Thumb Ring
47:22 Bodkin Arrow
47:29 Padded Archer Armor
47:06 Light Cavalry
48:14 Ballistics
48:53 Leather Archer Armor
48:41 Bracer
49:10 Parthian Tactics
49:47 Chemistry
49:09 Conscription
48:09 Elite Mangudai
48:12 Capped Ram
49:21 Siege Ram
50:24 Drill
52:00 Siege Engineers
离岛
4:59 Loom
10:47 Loom
16:33 Feudal Age
20:59 Castle Age
18:56 Double-Bit Axe
20:21 Stone Mining
20:46 Gold Mining
22:59 Stone Shaft Mining
23:04 Gold Shaft Mining
22:41 Horse Collar
27:00 Fletching
31:43 Ballistics
33:26 Bodkin Arrow
36:21 Imperial Age
40:34 Chemistry
39:37 Bracer
40:34 Husbandry
41:52 Bow Saw
42:51 Pikeman
43:53 Halberdier
45:54 Two-Man Saw
45:40 Wheelbarrow
47:04 Heavy Plow
47:56 Scale Mail Armor
48:07 Forging
48:04 Squires
48:29 Arson
49:17 Chain Mail Armor
50:19 Iron Casting
51:22 Plate Mail Armor
51:17 Elite War Wagon
白鸟ii
5:11 Loom
13:52 Feudal Age
19:29 Castle Age
17:50 Double-Bit Axe
18:56 Stone Mining
22:57 Bow Saw
27:09 Horse Collar
27:51 Gold Mining
28:48 Stone Shaft Mining
29:12 Bow Saw
31:59 Wheelbarrow
32:27 Gold Shaft Mining
32:52 Heavy Plow
37:31 Imperial Age
36:08 Bloodlines
35:58 Husbandry
36:08 Scale Barding Armor
36:13 Forging
36:53 Hand Cart
37:36 Heavy Camel Rider
38:51 Conscription
39:06 Chain Barding Armor
39:21 Iron Casting
40:03 Crop Rotation
39:58 Town Watch
40:50 Plate Barding Armor
39:51 Light Cavalry
43:32 Farimba
49:57 Cavalier
Lorazepam "Hogg Zogg" Salad Dog
9:03 Loom
12:38 Feudal Age
14:11 Double-Bit Axe
18:42 Fletching
20:05 Wheelbarrow
20:56 Padded Archer Armor
21:01 Town Watch
26:00 Castle Age
23:58 Horse Collar
27:23 Bow Saw
27:36 Scale Mail Armor
29:25 Hand Cart
29:08 Gambesons
29:23 Squires
30:28 Heavy Plow
31:12 Chain Mail Armor
33:51 Stone Mining
33:51 Gold Mining
35:50 Stone Shaft Mining
35:38 Leather Archer Armor
35:31 Pikeman
35:35 Elite Skirmisher
36:42 Bodkin Arrow
53:25 Forging
Maus
13:54 Feudal Age
14:52 Loom
19:10 Castle Age
30:08 Double-Bit Axe
30:33 Horse Collar
33:53 Heavy Plow
34:31 Forging
35:14 Scale Barding Armor
37:55 Imperial Age
36:59 Wheelbarrow
36:57 Chain Barding Armor
36:59 Gold Mining
37:14 Stone Mining
38:25 Bow Saw
41:24 Iron Casting
41:37 Plate Barding Armor
43:10 Blast Furnace
44:43 Hand Cart
45:05 Conscription
45:58 Timurid Siegecraft
45:55 Elite Keshik
47:15 Bloodlines
47:06 Husbandry
49:00 Heavy Camel Rider
SW硬虎
4:10 Loom
8:23 Loom
14:32 Feudal Age
19:37 Castle Age
19:50 Double-Bit Axe
25:31 Fletching
28:22 Wheelbarrow
28:44 Horse Collar
33:30 Padded Archer Armor
33:26 Bodkin Arrow
33:49 Bow Saw
33:44 Heavy Plow
36:39 Thumb Ring
40:27 Imperial Age
39:27 Ballistics
39:05 Murder Holes
39:08 Bodkin Arrow
40:11 Leather Archer Armor
41:53 Parthian Tactics
41:48 Hand Cart
41:44 Bracer
42:56 Scale Mail Armor
42:18 Pikeman
43:41 Forging
44:28 Hand Cart
44:16 Gold Mining
44:20 Stone Mining
45:51 Chain Mail Armor
46:28 Iron Casting
47:00 Chemistry
46:39 Halberdier
47:52 Conscription
47:59 Squires
48:29 Murder Holes
52:36 Blast Furnace
SW_Paul
12:40 Loom
15:32 Feudal Age
18:25 Stone Mining
18:16 Horse Collar
20:38 Castle Age
20:14 Forging
20:10 Scale Barding Armor
22:10 Gold Mining
22:41 Double-Bit Axe
26:59 Wheelbarrow
30:31 Chain Barding Armor
32:18 Bow Saw
33:45 Bloodlines
33:54 Heavy Plow
34:56 Stone Shaft Mining
34:57 Iron Casting
38:40 Imperial Age
36:48 Husbandry
37:26 Hand Cart
37:48 Town Watch
38:39 Fletching
40:01 Plate Barding Armor
40:04 Conscription
40:24 Crop Rotation
40:55 Two-Man Saw
40:00 Treadmill Crane
41:24 Chemistry
40:40 Elite Jarl
42:41 Blast Furnace
43:40 Bodkin Arrow
44:07 Siege Engineers
44:23 Ballistics
44:24 Town Patrol
44:40 Masonry
44:49 Bracer
45:40 Coinage
48:24 Murder Holes
48:59 Architecture
49:56 Banking
50:58 Padded Archer Armor
51:01 Scale Mail Armor
Connection lost

Rejoining the realm…

Still unreachable

The connection could not be restored.

Session expired

The server has moved on; the page needs a fresh start.